 Dungeon Crawl Stone Soup version 0.29-a0-824-gd827844252 (webtiles) character file.

Game seed: 14544370147039216912

11137 pokeman the Eclecticist (level 11, -4/61 HPs)
             Began as a Deep Elf Hedge Wizard on July 9, 2022.
             Was a Believer of Vehumet.
             Slain by a slime creature (15 damage)
             ... on level 11 of the Dungeon.
             The game lasted 00:35:47 (15427 turns).

pokeman the Eclecticist (Deep Elf Hedge Wizard)    Turns: 15427, Time: 00:35:48

Health: -4/61      AC:  7    Str: 13    XL:     11   Next: 45%
Magic:  4/32       EV: 13    Int: 24    God:    Vehumet [**....]
Gold:   559        SH:  5    Dex: 20    Spells: 18/40 levels left

rFire   . . .      SeeInvis .   l - +2 falchion (elec)
rCold   . . .      Faith    .   (no shield)
rNeg    + . .      Spirit   .   R - +0 leather armour {rN+}
rPois   .          Reflect  +   D - +0 helmet
rElec   .          Harm     .   s - +0 cloak
rCorr   .          Rampage  .   (no gloves)
Will    +....                   v - +0 pair of boots
Stlth   ++........              A - amulet of reflection
HPRegen 0.20/turn               k - +6 ring of strength
MPRegen 0.23/turn               p - +6 ring of dexterity

@: on blink cooldown
A: no striking features
a: Renounce Religion


You were on level 11 of the Dungeon.
You worshipped Vehumet.
Vehumet was pleased with you.
You visited 2 branches of the dungeon, and saw 13 of its levels.

You collected 746 gold pieces.
You spent 187 gold pieces at shops.

Inventory:

Hand Weapons
 e - a +1 whip of venom
 l - a +2 falchion of electrocution (weapon)
 P - a +2 shortbow of freezing
 Q - a +4 quarterstaff of chaos
Armour
 j - an orb of guile
 s - a +0 cloak (worn)
 v - a +0 pair of boots (worn)
 z - a +0 buckler
 D - a +0 helmet (worn)
 N - an orb of mayhem
 R - a +0 leather armour of positive energy (worn)
Jewellery
 b - an amulet of guardian spirit
 k - a +6 ring of strength (left hand)
 p - a +6 ring of dexterity (right hand)
 A - an amulet of reflection (around neck)
 E - a ring of resist corrosion
Wands
 u - a wand of flame (65)
 J - a wand of digging (7)
 M - a wand of polymorph (2)
 T - a wand of mindburst (8)
Scrolls
 a - a scroll of summoning {unknown}
 c - 11 scrolls of identify {unknown}
 g - 2 scrolls of blinking {unknown}
 h - 3 scrolls of poison {unknown}
 i - 2 scrolls of silence {unknown}
 m - 2 scrolls of noise {unknown}
 o - a scroll of amnesia {unknown}
 q - 8 scrolls of teleportation {unknown}
 y - 3 scrolls of immolation {unknown}
 B - 3 scrolls of enchant weapon {unknown}
 C - a scroll of fog {unknown}
 I - a scroll of magic mapping {unknown}
 K - 2 scrolls of brand weapon {unknown}
 L - 2 scrolls of torment {unknown}
Potions
 d - a potion of magic
 f - a potion of heal wounds {unknown}
 n - 3 potions of brilliance {unknown}
 r - a potion of haste {unknown}
 t - 10 potions of curing
 w - 5 potions of might {unknown}
 x - 2 potions of flight {unknown}
 F - 2 potions of resistance
 G - 3 potions of berserk rage {unknown}
 H - 5 potions of mutation {unknown}
 O - a potion of attraction {unknown}
 S - a potion of lignification {unknown}
 U - a potion of cancellation {unknown}


   Skills:
 - Level 4.0 Fighting
 + Level 3.7 Armour
 - Level 3.1 Dodging
 - Level 3.1 Stealth
 - Level 3.0 Shields
 * Level 15.4 Spellcasting
 + Level 9.1 Conjurations
 - Level 1.1 Summonings
 - Level 1.1 Translocations
 + Level 8.2 Fire Magic
 - Level 1.1 Air Magic
 - Level 1.2 Poison Magic
 - Level 1.2 Evocations


You had 18 spell levels left.
You knew the following spells:

 Your Spells              Type           Power      Damage    Failure   Level
a - Magic Dart            Conj           100%       1d8       1%          1
b - Mephitic Cloud        Conj/Pois/Air  36%        N/A       2%          3
c - Call Imp              Summ           23%        N/A       3%          2
d - Blink                 Tloc           46%        N/A       3%          2
e - Conjure Flame         Conj/Fire      56%        6-21      1%          3
f - Foxfire               Conj/Fire      100%       2x1d9     1%          1
g - Flame Wave            Conj/Fire      56%        2d11      1%          4
h - Starburst             Conj/Fire      28%        6d9       16%         6

Your spell library contained the following spells:

 Spells                   Type           Power      Damage    Failure   Level
 Shock                    Conj/Air       100%       1d9       1%          1
 Static Discharge         Conj/Air       43%        3-9/arc   1%          2
 Dazzling Flash           Conj/Hex       80%        N/A       1%          3
 Inner Flame              Hex/Fire       38%        N/A       1%          3
 Sticky Flame             Conj/Fire      56%        2d7       1%          4
 Freeze                   Ice            72%        1d9       3%          1
 Slow                     Hex            72%        N/A       3%          1
 Iskenderun's Mystic Bla  Conj/Tloc      43%        2d10      4%          4
 Hailstorm                Conj/Ice       40%        3d10      6%          4
 Confusing Touch          Hex            18%        N/A       11%         3
 Frozen Ramparts          Ice            36%        1d5       11%         3
 Tukima's Dance           Hex            18%        N/A       11%         3
 Lightning Bolt           Conj/Air       21%        1d36      13%         5
 Passage of Golubria      Tloc           23%        N/A       24%         4
 Dispel Undead            Necr           18%        3d11      36%         4
 Yara's Violent Unravell  Hex/Tmut       9%         3d6       71%         5
 Enfeeble                 Hex            9%         N/A       100%        7
 Maxwell's Capacitive Co  Air            11%        ∞         100%        8


Dungeon Overview and Level Annotations

Branches:
Dungeon (12/15)            Temple (1/1) D:4            Lair (0/6) D:10
    Orc (0/2) D:11

Altars:
Ashenzari
Cheibriados
Dithmenos
Elyvilon
Fedhas
Gozag
Hepliaklqana
Kikubaaqudgha
Makhleb
Nemelex Xobeh
Okawaru
Qazlal
Ru
Sif Muna
Trog
Uskayaw
Vehumet
Wu Jian
Xom
Yredelemnul
Zin
The Shining One

Shops:
D:4 **!

Annotations:
D:11 3 runed translucent doors, Palms's ghost, journeyman VSBe


Message History

The bolt of fire hits the slime creature!!
The slime creature is almost dead.
The slime creature hits you!
Unknown command.
You hit the slime creature.
Lightning courses through the slime creature!
You kill the slime creature!
Vehumet accepts your kill.
Casting: Starburst (quite dangerous; 17% risk of failure)
Confirm with . or Enter, or press ? or * to list all spells.
The spell is quite dangerous to miscast (17% risk of failure)!
Continue anyway?
Casting: Starburst (quite dangerous; 17% risk of failure)
Press: ? - help, Dir - look around, f - activate The bolt of fire hits the cyclops!!
You kill the cyclops!
Vehumet accepts your kill.
Unknown command.
The slime creature attacks as you move away!
The slime creature hits you!
The slime creature attacks as you move away!
The slime creature hits you!
Casting: Starburst (quite dangerous; 16% risk of failure)
Confirm with . or Enter, or press ? or * to list all spells.
You blink.
The slime creature hits you!
* * * LOW HITPOINT WARNING * * *
There is a stone staircase leading up here.
You feel stable enough to blink again. The slime creature hits you.
* * * LOW HITPOINT WARNING * * *
You climb upwards.
Level annotation: 3 runed translucent doors, Palms's ghost, journeyman VSBe
There is a stone staircase leading down, spattered with blood here.
Unknown command.
Casting: Blink (safe; 3% risk of failure)
Confirm with . or Enter, or press ? or * to list all spells.
You blink.
The slime creature attacks as you move away!
The slime creature hits you!
You die...

..........# #.# ..#.#...#.#
#.# .......##.# #.#
..#.#..##.# ####### #.#
..#.#..##.# #.....# #.#
..#.#..##.# #.###.# #.#
..........# ##.###.# #.###
#.##...##.####...##.## #...#
#.##.#.##.##...#@J.§.####§#.#
#.##.........#..............#
#.##.#.###.#.#..............#
#.##...# #.#....#########...#
#.##..####......#.WTV...#..##
......###.......#..9....#..#
#...............#l$.....+..#
####..####.#.#..#.?.....+..#
####.>####.#.#..#.[.....+..#


You could see a slime creature, a troll and a vampire.

Vanquished Creatures
  A boulder beetle (D:11)
  A two-headed ogre (D:10)
  Pikel (D:7)
  A cyclops (D:12)
  2 gargoyles (D:10)
  2 unseen horrors (D:11)
  2 komodo dragons (D:10)
  2 hornets
  4 trolls
  3 slime creatures (D:12)
  A shadow (D:9)
  9 yaks
  A steam dragon (D:8)
  Menkaure (D:7)
  2 water moccasins (D:10)
  Duvessa (D:7)
  3 orc warriors
  2 ice beasts (D:7)
  A black bear (D:10)
  4 ogres (D:5)
  2 lemures (D:7)
  2 centaurs
  A phantom (D:6)
  3 kobold brigands
  2 bullfrogs
  A gnoll sergeant (D:11)
  6 scorpions
  8 wights
  Dowan (D:7)
  4 killer bees (D:8)
  2 howler monkeys
  2 electric eels
  3 hounds
  2 jellies
  Crazy Yiuf (D:7)
  2 gnoll boudas
  11 orc priests
  3 iguanas
  4 orc wizards
  12 gnolls
  8 adders
  2 ufetubi
  3 worms
  4 dart slugs
  30 orcs
  6 ball pythons
  9 bats
  6 endoplasms
  7 goblins
  9 hobgoblins
  11 jackals
  A quokka (D:2)
  3 frilled lizards
  20 kobolds
  4 rats
  2 foxfires
241 creatures vanquished.

Vanquished Creatures (collateral kills)
  A killer bee (D:8)
  An orc (D:8)
2 creatures vanquished.

Vanquished Creatures (others)
  An electric eel (D:3)
  An orc (D:4)
  381 foxfires
  66 fungi (D:10)
  54 plants
503 creatures vanquished.

Grand Total: 746 creatures vanquished

Notes
Turn   | Place    | Note
-------+----------+-------------------------------------------
     0 | D:1      | pokeman the Deep Elf Hedge Wizard began the quest for the
                  | Orb.
     0 | D:1      | Reached XP level 1. HP: 10/10 MP: 7/7
    12 | D:1      | Found a faded altar of an unknown god.
   274 | D:1      | Reached XP level 2. HP: 15/15 MP: 4/9
   733 | D:1      | Reached skill level 5 in Spellcasting
  1108 | D:2      | Reached XP level 3. HP: 20/20 MP: 8/11
  1112 | D:2      | Learned a level 3 spell: Mephitic Cloud
  1115 | D:2      | Learned a level 2 spell: Call Imp
  1118 | D:2      | Learned a level 2 spell: Blink
  1122 | D:2      | Learned a level 3 spell: Conjure Flame
  1490 | D:2      | Reached skill level 1 in Armour
  1614 | D:2      | Reached skill level 1 in Fighting
  1996 | D:3      | Found a transporter.
  2009 | D:3      | Reached XP level 4. HP: 25/25 MP: 5/13
  2172 | D:3      | Found a transporter.
  2693 | D:3      | Found a shimmering altar of Xom.
  3282 | D:4      | Noticed a scorpion
  3295 | D:4      | Killed a scorpion
  3296 | D:4      | Reached skill level 6 in Spellcasting
  3296 | D:4      | Reached XP level 5. HP: 29/29 MP: 6/15
  3407 | D:4      | Found an ancient bone altar of Kikubaaqudgha.
  3555 | D:3      | Reached skill level 1 in Fire Magic
  3598 | D:3      | Reached XP level 6. HP: 25/34 MP: 9/17
  3822 | D:4      | Found Ikiomyusk's Distillery.
  3830 | D:4      | Bought a potion of curing for 33 gold pieces
  3830 | D:4      | Bought a potion of curing for 33 gold pieces
  3830 | D:4      | Bought a potion of resistance for 110 gold pieces
  3830 | D:4      | Bought a potion of degeneration for 11 gold pieces
  3840 | D:4      | Learned a level 6 spell: Starburst
  3886 | D:4      | Reached skill level 1 in Shields
  4102 | D:4      | Found Adirifa's General Store.
  4160 | D:4      | Reached skill level 7 in Spellcasting
  4307 | D:4      | Found Zin's Purification Station.
  4310 | D:4      | Found a glowing silver altar of Zin.
  4376 | D:4      | Found a staircase to the Ecumenical Temple.
  4382 | Temple   | Entered the Ecumenical Temple
  4753 | D:5      | Entered Level 5 of the Dungeon
  4836 | D:5      | Reached skill level 1 in Air Magic
  4836 | D:5      | Reached skill level 1 in Poison Magic
  4846 | D:5      | Reached XP level 7. HP: 11/38 MP: 5/20
  5127 | D:5      | Reached skill level 1 in Evocations
  5227 | D:5      | Found a white marble altar of Elyvilon.
  5227 | D:5      | Found a snail-covered altar of Cheibriados.
  5256 | D:5      | Reached skill level 8 in Spellcasting
  5713 | D:5      | Reached XP level 8. HP: 44/44 MP: 7/22
  6084 | D:6      | Reached skill level 9 in Spellcasting
  6344 | D:6      | Identified the +0 chain mail of a Labyrinth {rPois Str+5
                  | Dex+4}
  6398 | D:6      | You fall into a shaft and drop 3 floors!
  6577 | D:8      | Reached skill level 5 in Conjurations
  6645 | D:8      | Found a sparkling altar of Nemelex Xobeh.
  6731 | D:8      | Reached skill level 10 in Spellcasting
  7294 | D:9      | Noticed a hornet
  7305 | D:9      | Killed a hornet
  7306 | D:9      | Reached XP level 9. HP: 29/48 MP: 10/25
  7614 | D:8      | Reached skill level 11 in Spellcasting
  8058 | D:8      | Reached skill level 5 in Fire Magic
  8355 | D:7      | Noticed Duvessa
  8355 | D:7      | Noticed Dowan
  8361 | D:7      | Killed Dowan
  8379 | D:6      | Learned a level 1 spell: Foxfire
  8384 | D:6      | Learned a level 4 spell: Flame Wave
  9390 | D:7      | Killed Duvessa
  9746 | D:7      | Found a radiant altar of Vehumet.
  9762 | D:7      | Became a worshipper of Vehumet
  9769 | D:7      | Reached skill level 12 in Spellcasting
  9820 | D:7      | Noticed Menkaure
  9823 | D:7      | Killed Menkaure
  9857 | D:7      | Found a shimmering blue altar of Sif Muna.
 10054 | D:7      | Noticed Pikel
 10058 | D:7      | Killed Pikel
 10229 | D:7      | Reached XP level 10. HP: 49/53 MP: 22/28
 10309 | D:7      | Found a runed translucent door.
 10310 | D:7      | Noticed Crazy Yiuf
 10392 | D:7      | Found a hazy altar of Hepliaklqana.
 10393 | D:7      | Found a shadowy altar of Dithmenos.
 10508 | D:7      | Killed Crazy Yiuf
 11071 | D:9      | Reached skill level 13 in Spellcasting
 11216 | D:9      | Reached * piety under Vehumet
 11216 | D:9      | Offered knowledge of Sandblast by Vehumet.
 11725 | D:10     | Entered Level 10 of the Dungeon
 12266 | D:10     | Noticed a gargoyle
 12310 | D:10     | Killed a gargoyle
 12311 | D:10     | Reached skill level 14 in Spellcasting
 12652 | D:10     | Noticed a two-headed ogre
 12690 | D:10     | Found a staircase to the Lair.
 12780 | D:10     | Killed a two-headed ogre
 13070 | D:10     | Reached XP level 11. HP: 60/60 MP: 12/31
 13214 | D:10     | Found a glowing golden altar of the Shining One.
 13961 | D:11     | Noticed a war gargoyle
 13962 | D:11     | Noticed Palms's ghost (journeyman VSBe)
 13967 | D:11     | Found a runed translucent gate.
 13967 | D:11     | Found a runed translucent gate.
 13968 | D:11     | Found a runed translucent gate.
 14008 | D:11     | Noticed a boulder beetle
 14017 | D:11     | Killed a boulder beetle
 14487 | D:11     | Found a staircase to the Orcish Mines.
 14493 | D:11     | Reached skill level 15 in Spellcasting
 15406 | D:12     | Offered knowledge of Shock by Vehumet.
 15414 | D:12     | Reached ** piety under Vehumet
 15427 | D:11     | Slain by a slime creature

Illustrated notes

Levels and vault maps discovered:
D:1:      minmay_arrival_checkered_box, layout_basic,
          ebering_ecumenical_altar_webs, minmay_misc_feat_encased,
          minmay_small_reverse_x
D:2:      layout_rooms
D:3:      gammafunk_steamed_eel, layout_loops_corners,
          mainiacjoe_overflow_cross_hatched
D:4:      layout_loops_ring, kiku_gazebo_pond_becter, zin_purify,
          minmay_temple_entry_enclosed_plants, serial_shops,
          nicolae_square_shop, shop
D:5:      layout_basic, jmf_multi_god_temple
D:6:      layout_basic
D:7:      layout_gridville, kennysheep_little_box, vehumet_altar_wand_db,
          riverfiend_overflow_shadow_ancestor, serial_bayou_ford_a,
          uniq_menkaure, uniq_duvessa, uniq_pikel, uniq_crazy_yiuf_cottage
D:8:      layout_loops_ring, nemelex_diamond_rough_becter, wad_floor_pattern_1
D:9:      layout_cave_pools
D:10:     layout_grid_maze, tso_oasis_becter, due_lair_maze_entry_diamond
D:11:     layout_loops_ring, minmay_orc_entry_temple_large,
          gammafunk_ghost_split
D:12:     layout_irregular_city, kennysheep_cluttered_room,
          chequers_serial_rivers_small_b, nicolae_ru_the_path_less_chosen,
          uniq_nessos
Temple:   chequers_temple_sunken

Skill      XL: |  1  2  3  4  5  6  7  8  9 10 11 |
---------------+----------------------------------+-----
Spellcasting   | 5 6 7 8 10 12 14 15 | 15.4
Armour         | 1 2 3 |  3.7
Fighting       | 1 2 3 4 |  4.0
Conjurations   | 2 3 4 5 7 8 9 |  9.1
Dodging        | 3 |  3.1
Stealth        | 3 |  3.1
Fire Magic     | 1 2 4 6 7 8 |  8.2
Shields        | 1 2 3 |  3.0
Air Magic      | 1 |  1.1
Poison Magic   | 1 |  1.2
Evocations     | 1 |  1.2
Summonings     | |  1.1
Translocations | |  1.1

Action                   |  1- 3 |  4- 6 |  7- 9 | 10-12 || total
-------------------------+-------+-------+-------+-------++-------
Melee: Dagger            |    18 |       |       |       ||    18
       Falchion          |     5 |    14 |    71 |    37 ||   127
       Punch             |       |     1 |       |       ||     1
 Cast: Magic Dart        |   106 |    93 |   149 |     1 ||   349
       Mephitic Cloud    |       |    10 |    32 |    22 ||    64
       Conjure Flame     |       |     2 |    17 |    16 ||    35
       Blink             |       |       |     4 |     5 ||     9
       Call Imp          |       |       |     5 |     1 ||     6
       Foxfire           |       |       |    78 |   135 ||   213
       Flame Wave        |       |       |       |     9 ||     9
       Starburst         |       |       |       |    14 ||    14
 Stab: Confused          |       |     2 |     9 |     4 ||    15
       Sleeping          |       |       |     1 |       ||     1
Armor: Robe              |    17 |     8 |       |       ||    25
       Leather armour    |       |       |    22 |    16 ||    38
Dodge: Dodged            |    36 |    14 |    60 |    24 ||   134
Block: Other             |       |     5 |    27 |    19 ||    51
       Reflection        |       |       |     9 |     3 ||    12

Table legend: (Time is in decaauts)
 A = Elapsed time spent in this place.
 B = Non-inter-level travel time spent in this place.
 C = Inter-level travel time spent in this place.
 D = Time resting spent in this place.
 E = Time spent auto-exploring this place.
 F = Levels seen in this place.
 G = Mean time per level.
                   A        B        C        D        E       F      G
               +--------+--------+--------+--------+--------+-----+--------+
         Total |  15525 |  15025 |    500 |    828 |  12011 |  13 | 1194.2 |
       Dungeon |  15279 |  14810 |    469 |    828 |  11803 |  12 | 1273.2 |
        Temple |    246 |    215 |     31 |      0 |    207 |   1 |  246.0 |
               +--------+--------+--------+--------+--------+-----+--------+

Top non-repeatable levels by time:
    D:10: 2240 daAuts
     D:8: 1995 daAuts
     D:6: 1577 daAuts
     D:3: 1484 daAuts
    D:11: 1333 daAuts
     D:5: 1270 daAuts
     D:9: 1105 daAuts
     D:1: 1096 daAuts
     D:4: 1074 daAuts
     D:7: 1059 daAuts
     D:2: 899 daAuts
  Temple: 246 daAuts
    D:12: 143 daAuts
